Map: Lightshade LE

Players

TIME (Oliveira)

  • Race: Terran Terran
  • Spawn Location: 5:00

SpeCial - Winner!

  • Race: Terran Terran
  • Spawn Location: 11:00

Event: IEM Katowice 2021

VOD

Have the link to the VOD?

Description

Time

  • Played on: Feb. 23, 2021, 10:35 a.m.
  • Length: 19:17

All games in this series

Show
View Real Time Build Order
Export as new Build Order

TIME Terran 

Build Orders: Reaper Expand 

Get SALT Encoding   

  12  0:01  SCV  
  13  0:13  SCV  
  14  0:18  Supply Depot  
  14  0:25  SCV  
  15  0:39  SCV  
  15  0:40  Barracks  
  16  0:44  Refinery  
  16  0:51  SCV  
  17  1:04  SCV  
  18  1:16  SCV  
  19  1:28  Reaper  
  19  1:29  Orbital Command  
  20  1:42  Command Center  
  20  1:53  Supply Depot  
  20  1:55  SCV  
  20  2:00  Marine  
  22  2:07  SCV  
  23  2:10  Factory  
  23  2:19  SCV  
  23  2:20  Bunker  
  23  2:22  Marine  
  25  2:26  Refinery  
  25  2:31  SCV  
  26  2:39  Marine  
  26  2:43  SCV  
  28  2:54  Starport  
  28  2:55  Orbital Command  
  28  2:59  Barracks Reactor  
  28  3:03  Hellion  
  30  3:06  SCV  
  31  3:21  SCV x2  
  31  3:24  Factory Tech Lab  
  33  3:30  Viking  
  33  3:33  SCV x2  
  37  3:35  Supply Depot  
  37  3:36  Marine  
  37  3:37  Marine  
  39  3:44  Siege Tank  
  39  3:46  SCV  
  43  3:49  SCV  
  42  3:58  SCV  
  43  4:03  SCV  
  43  4:06  Marine x2  
  46  4:11  SCV  
  46  4:16  SCV  
  48  4:19  Supply Depot  
  48  4:20  Raven  
  48  4:22  Factory Tech Lab  
  50  4:25  SCV  
  50  4:28  SCV  
  52  4:33  Command Center  
  52  4:37  SCV  
  53  4:40  SCV  
  53  4:41  Siege Tank  
  53  4:42  Marine  
  58  4:46  Supply Depot  
  58  4:47  Marine  
  58  4:51  SCV  
  58  4:52  SCV  
  61  5:03  SCV  
  62  5:08  SCV, Barracks  
  62  5:09  Supply Depot  
  62  5:13  Starport Reactor  
  63  5:14  Barracks  
  63  5:15  SCV  
  63  5:16  Supply Depot  
  63  5:20  SCV  
  67  5:22  Marine  
  67  5:23  Stimpack  
  67  5:27  SCV  
  66  5:32  SCV  
  66  5:33  Siege Tank, Engineering Bay x2  
  68  5:43  Refinery  
  68  5:44  Refinery  
  68  5:47  Orbital Command  
  67  5:50  Viking  
  67  5:52  SCV, Marine  
  71  5:58  Viking  
  71  5:59  Marine x2  
  71  6:00  SCV  
  76  6:05  Barracks Tech Lab  
  76  6:07  SCV  
  76  6:10  Marine  
  78  6:14  SCV, Orbital Command  
  78  6:17  Marine x2  
  81  6:19  SCV  
  81  6:21  Barracks  
  81  6:22  Barracks  
  81  6:24  Missile Turret  
  81  6:25  Viking  
  84  6:30  Marine  
  85  6:33  SCV x2  
  85  6:34  Viking  
  85  6:35  Combat Shield  
  85  6:37  Marine  
  85  6:39  SCV  
  91  6:43  Supply Depot  
  91  6:45  SCV  
  91  6:46  SCV, Siege Tank  
  96  6:50  Marine x2  
  96  6:52  SCV  
  97  6:57  SCV  
  97  6:58  Marine, Viking  
  101  7:03  Supply Depot  
  101  7:05  SCV x2, Supply Depot  
  101  7:07  Viking  
  106  7:09  SCV  
  106  7:14  Missile Turret  
  106  7:16  Marine x2  
  106  7:20  Barracks Reactor, Barracks Tech Lab  
  106  7:21  Terran Infantry Weapons Level 1, Terran Infantry Armor Level 1  
  107  7:24  SCV  
  107  7:25  Missile Turret  
  107  7:26  SCV  
  107  7:27  Supply Depot  
  107  7:28  SCV  
  105  7:32  Viking  
  105  7:36  SCV  
  104  7:38  Marine  
  104  7:41  Marauder x2  
  104  7:42  SCV x2  
  111  7:46  Marine, Supply Depot  
  111  7:50  SCV  
  113  7:52  Supply Depot  
  113  7:55  Siege Tank  
  107  8:07  Marine  
  107  8:08  Marauder  
  107  8:10  Marine  
  107  8:11  Marauder  
  107  8:12  Marine  
  103  8:13  Viking x2  
  103  8:14  SCV  
  103  8:15  SCV x2  
  108  8:21  Marine x2  
  108  8:26  SCV  
  108  8:27  SCV  
  108  8:28  SCV, Armory  
  108  8:29  Marine  
  108  8:31  Marine  
  109  8:37  Marine x3  
  109  8:39  Marine  
  109  8:40  Marine  
  109  8:42  SCV x2  
  109  8:46  Starport  
  109  8:47  SCV  
  107  8:48  Refinery  
  107  8:49  Marine, Refinery  
  107  8:52  Marine  
  107  8:54  SCV  
  107  8:55  Marine  
  108  8:56  Marine  
  108  9:02  SCV  
  108  9:05  SCV  
  108  9:07  Starport  
  108  9:09  Raven  
  109  9:10  Corvid Reactor  
  109  9:12  Marine  
  109  9:13  Marine x2  
  109  9:15  SCV x2  
  116  9:20  Sensor Tower  
  116  9:22  SCV  
  117  9:26  Marine  
  117  9:27  SCV  
  117  9:28  Marine  
  119  9:32  Marine  
  119  9:33  SCV  
  119  9:34  SCV  
  116  9:39  SCV, Starport Reactor  
  116  9:44  Marine  
  116  9:45  SCV  
  114  9:46  Marine  
  114  9:47  SCV  
  114  9:48  Viking x2  
  114  9:49  Factory Tech Lab  
  114  9:50  Marine  
  114  9:51  SCV  
  117  9:55  Raven  
  117  9:56  Terran Infantry Weapons Level 2  
  117  9:57  SCV  
  120  10:02  Command Center  
  120  10:05  Terran Infantry Armor Level 2  
  120  10:10  Supply Depot  
  120  10:11  Terran Ship Weapons Level 1  
  120  10:12  Marine x3  
  120  10:13  SCV x2  
  120  10:14  SCV  
  126  10:18  Marine  
  126  10:19  Viking x2  
  131  10:25  SCV, Viking  
  131  10:26  Marine  
  131  10:27  SCV  
  131  10:28  SCV  
  137  10:33  Marine, Supply Depot  
  138  10:37  SCV, Viking  
  140  10:43  Marine  
  140  10:49  Marine, Refinery  
  142  10:51  Refinery  
  142  10:52  Marine  
  142  10:53  Raven  
  142  10:54  Viking x2  
  142  10:56  SCV x2  
  150  10:59  Marine  
  150  11:00  Supply Depot  
  150  11:01  Marauder x2  
  150  11:02  Missile Turret  
  155  11:07  SCV  
  155  11:10  Marine  
  155  11:11  SCV  
  155  11:15  Medivac x2  
  155  11:16  Marine x2  
  162  11:19  SCV  
  162  11:23  Sensor Tower  
  162  11:25  Marine x2, Planetary Fortress  
  163  11:27  SCV  
  163  11:29  SCV  
  166  11:33  Marine  
  166  11:34  Marine x2  
  166  11:35  Marauder  
  166  11:36  SCV  
  166  11:37  Raven  
  173  11:40  Marine  
  173  11:42  Supply Depot x2  
  173  11:43  Marine x2  
  176  11:47  Viking  
  176  11:56  Marauder  
  157  12:06  Marine x2  
  157  12:07  Marauder  
  146  12:09  Viking  
  146  12:10  Siege Tank, Viking  
  146  12:12  Marine, Liberator  
  146  12:13  Marauder, Marine  
  155  12:18  Marauder  
  155  12:21  Liberator  
  155  12:24  Marine  
  155  12:28  Marauder  
  157  12:30  Marine x2  
  157  12:32  Raven  
  157  12:34  Marauder  
  157  12:35  SCV  
  161  12:42  Marauder, Marine x2  
  163  12:47  Marine  
  163  12:48  Marine  
  163  12:49  Marauder  
  161  12:55  Marine, Concussive Shells  
  161  12:58  Supply Depot  
  162  12:59  Supply Depot  
  162  13:02  Marine x2  
  163  13:08  Marine x2  
  163  13:09  Marauder  
  164  13:13  Orbital Command  
  164  13:21  Marauder  
  164  13:23  Terran Infantry Weapons Level 3  
  164  13:24  Marine x2  
  164  13:25  Raven  
  170  13:29  Marine x2  
  172  13:41  Supply Depot, Sensor Tower  
  172  13:45  Supply Depot, Marine  
  172  13:47  Supply Depot  
  173  13:56  Marine x2  
  173  13:58  Marine x2  
  173  13:59  Marauder  
  173  14:01  Marine  
  171  14:03  Marauder  
  171  14:09  Medivac  
  155  14:11  Raven  
  155  14:14  Marine x2  
  155  14:16  Marine  
  152  14:19  Marauder  
  140  14:31  Marine  
  115  14:32  Marine x3  
  115  14:33  Marauder  
  115  14:36  Marine  
  113  14:38  SCV  
  113  14:42  Orbital Command  
  116  14:48  Marine, Siege Tank  
  116  14:50  Marine x2  
  120  14:55  Medivac x2  
  120  14:57  Raven  
  126  15:05  Marauder  
  127  15:10  Marauder x2  
  131  15:20  Marine x3  
  134  15:23  Marine  
  135  15:33  Barracks Tech Lab  
  135  15:36  Raven  
  135  15:38  Marauder  
  135  15:41  Command Center  
  139  15:45  Raven  
  139  15:46  Siege Tank  
  144  15:52  Medivac  
  144  15:53  Medivac  
  144  15:54  Marauder x2  
  152  15:57  SCV  
  152  15:59  SCV  
  154  16:05  Marauder, Marine  
  154  16:07  Marine  
  154  16:08  Marine  
  159  16:15  Marauder  
  146  16:19  Marauder, Marine  
  146  16:23  Marine  
  123  16:27  Marauder, Marine x2  
  119  16:35  Raven x2  
  119  16:36  Marine x2  
  114  16:40  SCV, Marauder  
  114  16:41  Marine  
  114  16:42  Siege Tank  
  114  16:45  Marine x2  
  115  16:48  Viking  
  115  16:49  Marauder, Viking  
  121  16:54  Marauder, Marine  
  121  16:59  Marine  
  125  17:01  Marine  
  125  17:02  Marine  
  125  17:03  SCV  
  125  17:05  SCV  
  125  17:07  Command Center  
  129  17:11  Marine x2, Supply Depot  
  131  17:27  Marine  
  121  17:37  Marine  
  121  17:38  Marauder  
  121  17:39  Raven x2  
  121  17:40  SCV x2  
  126  17:46  Marine x2  
  126  17:47  Marauder  
  126  17:48  Siege Tank  
  126  17:50  Marine  
  136  17:51  Marauder  
  136  17:56  Marine  
  137  17:59  Marine  
  137  18:04  Marine x2  
  138  18:11  Marine x2  
  142  18:13  Marauder  
  142  18:18  Marine  
  141  18:21  Marine  
  141  18:22  Marine  
  143  18:29  Marauder, Marine x2  
  143  18:31  Raven  
  143  18:32  Raven  
  151  18:38  SCV  
  145  18:44  Marine  
  112  18:51  Marauder, Marine x2  
  107  18:57  Marine  
Show
View Real Time Build Order
Export as new Build Order

SpeCial Terran - Winner!

Build Orders: Gas First Reaper Expand, Hellion Opening, Mech 

Get SALT Encoding   

  12  0:00  SCV  
  13  0:12  SCV  
  14  0:17  Supply Depot  
  14  0:24  SCV  
  14  0:27  Refinery  
  15  0:39  SCV  
  16  0:43  Barracks  
  16  0:51  SCV  
  17  1:03  SCV  
  18  1:15  SCV  
  19  1:30  Reaper, Orbital Command  
  20  1:40  Command Center  
  20  1:53  Factory  
  20  1:57  SCV  
  21  2:05  Barracks Reactor  
  21  2:09  SCV  
  21  2:13  Supply Depot  
  22  2:16  Refinery  
  22  2:21  SCV  
  23  2:35  SCV  
  24  2:42  Starport  
  24  2:45  Hellion x2  
  24  2:47  SCV  
  29  2:53  Orbital Command  
  29  2:59  SCV  
  30  3:06  Hellion  
  30  3:07  Hellion  
  30  3:11  SCV  
  35  3:12  Orbital Command  
  35  3:22  Supply Depot  
  35  3:23  Fusion Core  
  35  3:24  SCV  
  36  3:27  Starport Tech Lab  
  36  3:34  Hellion  
  38  3:36  Hellion  
  38  3:37  Barracks Tech Lab  
  38  3:39  SCV  
  41  3:43  Supply Depot  
  41  3:46  SCV  
  42  3:51  SCV  
  39  4:01  SCV  
  37  4:03  SCV  
  37  4:07  Refinery  
  37  4:08  Marine x2  
  43  4:13  SCV  
  43  4:16  Battlecruiser  
  47  4:18  SCV  
  48  4:30  Marine  
  48  4:31  Marine  
  50  4:32  SCV x2  
  50  4:33  Supply Depot  
  50  4:35  Cyclone  
  55  4:44  SCV x2, Refinery  
  57  4:51  Marine x2  
  57  4:52  Weapon Refit  
  59  4:56  SCV x2  
  59  4:59  Supply Depot  
  61  5:08  SCV x2, Siege Tank  
  61  5:09  Marine x2  
  68  5:20  SCV x2  
  70  5:27  Command Center  
  70  5:32  Marine x2  
  70  5:33  SCV  
  70  5:34  SCV  
  70  5:40  Battlecruiser  
  76  5:46  SCV  
  80  5:57  SCV, Siege Tank  
  80  5:58  SCV  
  80  6:03  Marine x2  
  80  6:04  Factory  
  84  6:12  SCV x2  
  84  6:16  Factory  
  86  6:24  Engineering Bay  
  86  6:28  Supply Depot  
  86  6:32  SCV x2  
  86  6:38  Siege Tank  
  89  6:40  Supply Depot  
  89  6:44  SCV  
  90  6:49  Battlecruiser  
  90  6:51  SCV, Refinery x2  
  97  6:56  SCV  
  97  7:01  Factory Tech Lab  
  98  7:02  Orbital Command  
  98  7:03  SCV  
  99  7:08  SCV  
  99  7:15  SCV  
  101  7:18  Siege Tank  
  101  7:19  Hellion x2, Siege Tank  
  101  7:21  SCV  
  112  7:27  SCV  
  113  7:30  SCV  
  113  7:33  SCV  
  113  7:35  Missile Turret  
  112  7:39  SCV  
  112  7:42  SCV  
  112  7:44  Missile Turret  
  114  7:45  SCV  
  115  7:51  SCV  
  115  7:54  Hellion  
  115  7:55  Missile Turret  
  117  8:03  SCV x3, Hellion  
  91  8:13  Siege Tank  
  91  8:14  Siege Tank  
  91  8:15  SCV x2  
  91  8:17  SCV  
  98  8:24  Battlecruiser  
  102  8:27  SCV x2  
  102  8:29  SCV  
  102  8:34  Hellion x2  
  107  8:37  Missile Turret  
  107  8:39  SCV x2  
  110  8:41  SCV  
  110  8:46  Cyclone x2  
  116  8:50  Armory  
  116  8:51  SCV  
  116  8:52  Refinery  
  116  8:53  Supply Depot  
  117  9:00  Supply Depot  
  117  9:01  Supply Depot  
  117  9:08  Sensor Tower, Mag-Field Accelerator  
  117  9:11  Supply Depot  
  117  9:15  SCV x3  
  120  9:17  Hellion  
  120  9:18  Hellion  
  124  9:27  SCV x3  
  123  9:33  Siege Tank x2  
  123  9:38  Battlecruiser  
  135  9:39  SCV x2  
  137  9:57  Terran Vehicle Weapons Level 1  
  137  9:58  Armory  
  137  10:00  Factory  
  137  10:01  Factory  
  137  10:02  Supply Depot  
  137  10:05  Hellion  
  137  10:06  Hellion  
  141  10:07  Cyclone x2  
  141  10:10  SCV x2  
  141  10:13  Supply Depot  
  149  10:16  SCV  
  149  10:18  Supply Depot  
  150  10:27  Command Center  
  150  10:39  Hellion x2  
  154  10:48  Battlecruiser  
  160  10:58  Siege Tank x2, Factory Tech Lab  
  160  10:59  Factory Reactor  
  160  11:00  Hellion x2  
  160  11:01  Supply Depot  
  170  11:05  Terran Vehicle And Ship Armor Level 1  
  170  11:07  SCV  
  171  11:25  SCV  
  171  11:26  SCV x2  
  171  11:28  Refinery  
  171  11:29  Hellion x2, Sensor Tower  
  171  11:30  Siege Tank  
  171  11:31  Refinery  
  179  11:33  Supply Depot  
  179  11:34  Siege Tank x2  
  179  11:36  Hellion x2  
  187  11:45  SCV x3  
  186  12:02  Hellion x2  
  186  12:07  Cyclone  
  186  12:08  Cyclone  
  187  12:18  Supply Depot, Infernal Pre-Igniter  
  187  12:21  Command Center  
  187  12:34  Hellion  
  189  12:40  Cyclone  
  174  12:56  Hellion x2  
  174  12:57  Hellion x2, Cyclone x2  
  184  13:14  Sensor Tower  
  184  13:17  Terran Vehicle Weapons Level 2, Terran Vehicle And Ship Armor Level 2  
  184  13:18  Factory  
  184  13:20  Factory  
  184  13:26  SCV  
  184  13:27  SCV x2  
  184  13:29  Missile Turret  
  184  13:31  Smart Servos  
  184  13:32  Drilling Claws  
  184  13:33  Widow Mine x3  
  184  13:34  Widow Mine  
  192  13:35  Thor  
  192  13:40  Planetary Fortress  
  198  13:43  Command Center  
  170  14:04  Thor x2, Missile Turret  
  170  14:06  Hellion x4, Factory Tech Lab x2  
  190  14:11  Battlecruiser  
  196  14:24  Missile Turret  
  194  14:30  Siege Tank x2  
  194  14:31  Hellion  
  164  14:35  Widow Mine x2  
  164  14:36  Widow Mine, Siege Tank  
  156  14:47  Thor  
  158  14:54  Siege Tank  
  158  14:55  Hellion  
  158  14:59  Hellion  
  165  15:02  Siege Tank x2  
  171  15:08  Siege Tank  
  171  15:12  Hellion  
  180  15:21  Hellion x2  
  180  15:26  Siege Tank  
  183  15:30  Thor  
  183  15:34  Thor  
  195  15:46  Terran Vehicle Weapons Level 3  
  195  15:51  Terran Vehicle And Ship Armor Level 3  
  187  16:20  Refinery  
  187  16:21  Thor  
  187  16:22  Hellion, Refinery  
  187  16:23  Missile Turret  
  164  16:28  Hellion  
  153  16:35  Thor  
  153  16:38  SCV  
  153  16:39  Hellion  
  145  16:44  Hellion x2  
  145  16:45  Hellion x2  
  153  16:50  Orbital Command  
  153  16:53  Thor  
  158  16:55  Hellion  
  158  17:01  Hellion  
  162  17:02  SCV  
  162  17:08  Hellion  
  165  17:09  Thor  
  165  17:14  SCV  
  166  17:16  SCV  
  166  17:21  Siege Tank  
  167  17:26  SCV  
  159  17:39  Planetary Fortress  
  159  17:41  SCV x2  
  161  17:47  Hellion x4, Siege Tank x2  
  161  17:48  Hellion  
  177  17:52  Siege Tank  
  177  17:53  SCV x2  
  182  18:02  Sensor Tower  
  182  18:03  Missile Turret  
  182  18:05  SCV x2  
  184  18:08  Supply Depot  
  184  18:11  Hellion  
  184  18:15  Widow Mine x3  
  184  18:17  SCV  
  184  18:18  Thor  
  195  18:22  Siege Tank  
  198  18:30  Hellion x3  
  198  18:35  Hellion  
  197  18:48  Hellion  
  193  18:52  Command Center  
  190  18:55  Hellion x2  

Tags
 
Add a new tag
Caveats
  • Supply blocks, unpowered buildings, or Contaminate may cause inaccurate times.
  • Supply counts are checked every 10 seconds.